cohdb
Replays
Latest Replays
All Replays
Popular Replays
Top Player Replays
Match Explorer
How It Works
Community
CoH3 Stats
Reddit
Sign in to upload your games and track your stats! →
Sign in with Steam
Match 43125016
Unlisted
Match 43125016
Overview
Messages
Build Orders
End
Kradschützen Motorcycle Team
Panzergrenadier Squad
Selects Italian Infantry
Panzergrenadier Squad
Construct Light Support Kompanie
MG34 Team
Fire Support Elements
Flakvierling Half-track
Selects Guastatori Squad
Guastatori Squad
2.5-tonne Medical Truck
Pak 38 Mechanized Group
Construct Panzerarmee Kommand
Pak 38 Anti-tank Gun Team
Walking Stuka Rocket Launcher
Tungsten Core Ammunition
Armored Reserves
Selects Defensive Operations
Selects Prepared Positions
Selects Registered Artillery
Registered Artillery
Tiger Heavy Tank
Registered Artillery
Rapid Advance
Advanced Optics
Selects Obice 305mm Barrage
Selects Towed Cannone da 105/28 Field Howitzer
Obice 305mm Barrage
jokebook
[PD] [9C] [FT] Claudius Tacitus
Faust
Faizii
Bossolo
BIOHAZARD
=BIA=Daghito
Andreuz
0
0
Comments
sign in to comment!
No comments posted yet!